TOP OF THE 1ST |
Mississippi State University Bulldogs batting - Pitching for Louisiana State University Tigers : RHP Angel Pastor
|
Pitching: RHP Angel Pastor
|
|
Batting: SHB Toshinori Shimabukuro
|
0-0: Ball 1-0: Ball 2-0: Ball 3-0: Base on Balls
|
Batting: SHB Shou-xin Ouyang
|
0-0: Called Strike 0-1: Ball 1-1: Fielders Choice at 2nd, 3-6 (Groundball, 3S, EV 83.1 MPH)
|
Batting: RHB Masahito Sunada
|
0-0: Ball 1-0: Called Strike Shou-xin Ouyang steals 2nd base 1-1: Swinging Strike 1-2: Ball 2-2: Strikes out swinging, 2-3 out at first.
|
Batting: SHB Jim Rutherford
|
0-0: Ball 1-0: Foul Ball, location: 2F 1-1: Foul Ball, location: 2F 1-2: Ball 2-2: Fly out, F3 (Popup, 3SF, EV 70.0 MPH)
|
Top of the 1st over - 0 runs, 0 hits, 0 errors, 1 left on base; Mississippi State University 0 - Louisiana State University 0 |
BOTTOM OF THE 1ST |
Louisiana State University Tigers batting - Pitching for Mississippi State University Bulldogs : RHP Juan Natividad
|
Pitching: RHP Juan Natividad
|
|
Batting: LHB Carsten Obenauer
|
0-0: Ball 1-0: Ball 2-0: Called Strike 2-1: Ball 3-1: Foul Ball, location: 2F 3-2: Strikes out swinging
|
Batting: RHB Ryan West
|
0-0: SINGLE (Line Drive, 7S, EV 112.5 MPH)
|
Batting: LHB Todd Saunders
|
0-0: Ball 1-0: Ball 2-0: DOUBLE (Flyball, 78D, EV 96.2 MPH) Ryan West to third Runner from 3rd tries for Home, SAFE, throw by LF to home
|
Batting: RHB Stewart Walker
|
0-0: Swinging Strike 0-1: Foul Ball, location: 2F 0-2: Strikes out swinging
|
Batting: LHB Oscar Rivera
|
0-0: Ball 1-0: Swinging Strike 1-1: Fly out, F7 (Line Drive, 78D, EV 93.8 MPH)
|
Bottom of the 1st over - 1 run, 2 hits, 0 errors, 1 left on base; Mississippi State University 0 - Louisiana State University 1 |
TOP OF THE 2ND |
Mississippi State University Bulldogs batting - Pitching for Louisiana State University Tigers : RHP Angel Pastor
|
Batting: RHB Josh Simmons
|
0-0: Called Strike 0-1: Ball 1-1: Ball 2-1: Called Strike 2-2: Ball 3-2: Base on Balls
|
Batting: RHB Eric Riley
|
0-0: Ball 1-0: Ball 2-0: Swinging Strike 2-1: Ball 3-1: SINGLE (Groundball, 34S, EV 80.0 MPH) (infield hit) Josh Simmons to second
|
Batting: RHB Logan Strassburg
|
0-0: Foul Ball, location: 2F 0-1: Foul Ball, location: 2F 0-2: Foul Ball, location: 2F 0-2: Ball 1-2: Fly out, F8 (Flyball, 8RM, EV 85.0 MPH)
|
Batting: RHB Karl Lukasiewicz
|
0-0: Foul Ball, location: 2F 0-1: Ball 1-1: Swinging Strike 1-2: Fly out, F7 (Flyball, 7D, EV 88.1 MPH)
|
Batting: LHB Tom Ploughman
|
0-0: Fly out, F8 (Flyball, 8RS, EV 90.0 MPH)
|
Top of the 2nd over - 0 runs, 1 hit, 0 errors, 2 left on base; Mississippi State University 0 - Louisiana State University 1 |
BOTTOM OF THE 2ND |
Louisiana State University Tigers batting - Pitching for Mississippi State University Bulldogs : RHP Juan Natividad
|
Batting: LHB Matt Ellington
|
0-0: Called Strike 0-1: Ground out 6-3 (Groundball, 6, EV 85.6 MPH)
|
Batting: SHB Marshall Miller
|
0-0: Ball 1-0: DOUBLE (Line Drive, 89D, EV 106.9 MPH)
|
Batting: RHB Dave Fell
|
0-0: Ball 1-0: Called Strike 1-1: Swinging Strike 1-2: Fly out, F8 (Flyball, 89M, EV 84.4 MPH)
|
Batting: RHB Wes Laurendeau
|
0-0: Ball 1-0: Foul Ball, location: 2F 1-1: Ball 2-1: Foul Ball, location: 2F 2-2: Strikes out swinging
|
Bottom of the 2nd over - 0 runs, 1 hit, 0 errors, 1 left on base; Mississippi State University 0 - Louisiana State University 1 |
TOP OF THE 3RD |
Mississippi State University Bulldogs batting - Pitching for Louisiana State University Tigers : RHP Angel Pastor
|
Batting: SHB Toshinori Shimabukuro
|
0-0: Swinging Strike 0-1: Fly out, F8 (Flyball, 8LS, EV 92.5 MPH)
|
Batting: SHB Shou-xin Ouyang
|
0-0: SINGLE (Line Drive, 4M, EV 97.5 MPH)
|
Batting: RHB Masahito Sunada
|
0-0: Swinging Strike 0-1: Foul Ball, location: 2F 0-2: SINGLE (Line Drive, 34, EV 96.9 MPH) Shou-xin Ouyang to second Runner from 2nd tries for 3rd, OUT! 9-5
|
Batting: SHB Jim Rutherford
|
Pickoff Throw to First - Out! 1-3 CS
|
Top of the 3rd over - 0 runs, 2 hits, 0 errors, 0 left on base; Mississippi State University 0 - Louisiana State University 1 |
BOTTOM OF THE 3RD |
Louisiana State University Tigers batting - Pitching for Mississippi State University Bulldogs : RHP Juan Natividad
|
Batting: LHB Carsten Obenauer
|
0-0: Called Strike 0-1: SINGLE (Groundball, 34S, EV 64.4 MPH) (infield hit)
|
Batting: RHB Ryan West
|
0-0: Foul Ball, location: 2F 0-1: Fly out, F8 (Flyball, 8LD, EV 99.4 MPH)
|
Batting: LHB Todd Saunders
|
0-0: Ball 1-0: SINGLE (Groundball, 34D, EV 100.6 MPH) Carsten Obenauer to second Runner from 2nd tries for 3rd, SAFE, throw by RF made to third
|
Batting: RHB Stewart Walker
|
0-0: Ball Todd Saunders is caught stealing 2nd base 2-4 1-0: Foul Ball, location: 2F 1-1: Swinging Strike 1-2: Foul Ball, location: 2F 1-2: Ball 2-2: Ground out 5-3 (Groundball, 56S, EV 75.0 MPH)
|
Bottom of the 3rd over - 0 runs, 2 hits, 0 errors, 1 left on base; Mississippi State University 0 - Louisiana State University 1 |
TOP OF THE 4TH |
Mississippi State University Bulldogs batting - Pitching for Louisiana State University Tigers : RHP Angel Pastor
|
Batting: SHB Jim Rutherford
|
0-0: Ball 1-0: Ground out 4-3 (Groundball, 4M, EV 98.1 MPH)
|
Batting: RHB Josh Simmons
|
0-0: Fly out, F8 (Flyball, 89M, EV 92.5 MPH)
|
Batting: RHB Eric Riley
|
0-0: Foul Ball, location: 2F 0-1: Ball 1-1: Foul Ball, location: 2F 1-2: Strikes out looking
|
Top of the 4th over - 0 runs, 0 hits, 0 errors, 0 left on base; Mississippi State University 0 - Louisiana State University 1 |
BOTTOM OF THE 4TH |
Louisiana State University Tigers batting - Pitching for Mississippi State University Bulldogs : RHP Juan Natividad
|
Batting: LHB Oscar Rivera
|
0-0: Called Strike 0-1: Called Strike 0-2: Strikes out looking
|
Batting: LHB Matt Ellington
|
0-0: Swinging Strike 0-1: Foul Ball, location: 2F 0-2: Ball 1-2: Strikes out swinging
|
Batting: SHB Marshall Miller
|
0-0: Ball 1-0: Ball 2-0: Called Strike 2-1: Ball 3-1: Base on Balls
|
Batting: RHB Dave Fell
|
0-0: Ground out 1-3 (Groundball, 15S, EV 71.9 MPH)
|
Bottom of the 4th over - 0 runs, 0 hits, 0 errors, 1 left on base; Mississippi State University 0 - Louisiana State University 1 |
TOP OF THE 5TH |
Mississippi State University Bulldogs batting - Pitching for Louisiana State University Tigers : RHP Angel Pastor
|
Now at 1B: David Olivarez
|
|
Now at SS: Byung-hee Jee
|
|
Now in LF: Dave Fell
|
|
Now in RF: Tyler Lackie
|
|
Batting: RHB Logan Strassburg
|
0-0: Swinging Strike 0-1: Foul Ball, location: 2F 0-2: Ball 1-2: Fly out, F9 (Flyball, 89S, EV 97.5 MPH)
|
Batting: RHB Karl Lukasiewicz
|
0-0: Foul Ball, location: 2F 0-1: Ball 1-1: Called Strike 1-2: Foul Ball, location: 2F 1-2: Fly out, F7 (Flyball, 7LM, EV 81.9 MPH)
|
Batting: LHB Tom Ploughman
|
0-0: Called Strike 0-1: Foul Ball, location: 2F 0-2: Strikes out looking
|
Top of the 5th over - 0 runs, 0 hits, 0 errors, 0 left on base; Mississippi State University 0 - Louisiana State University 1 |
BOTTOM OF THE 5TH |
Louisiana State University Tigers batting - Pitching for Mississippi State University Bulldogs : RHP Juan Natividad
|
Now at C: Oscar Vargas
|
|
Now at 2B: Jun Qing
|
|
Now at 3B: Paulo Aubert
|
|
Batting: RHB Wes Laurendeau
|
0-0: Called Strike 0-1: Ball 1-1: Ball 2-1: Foul Ball, location: 2F 2-2: Strikes out swinging
|
Batting: LHB Carsten Obenauer
|
0-0: Ground out 4-3 (Groundball, 4, EV 105.6 MPH)
|
Pinch Hitting: RHB Michael Maier
|
0-0: Ball 1-0: Ground out 5-3 (Groundball, 5S, EV 81.9 MPH)
|
Bottom of the 5th over - 0 runs, 0 hits, 0 errors, 0 left on base; Mississippi State University 0 - Louisiana State University 1 |
TOP OF THE 6TH |
Mississippi State University Bulldogs batting - Pitching for Louisiana State University Tigers : RHP Angel Pastor
|
Pitching: RHP Luis Gonzales
|
|
Now at C: Stone Fraser
|
|
Now at 2B: Keith Ashton
|
|
Now in LF: Brian Caruso
|
|
Pinch Hitting: RHB Cody Ammann
|
0-0: Bunt for hit to 13S - play at first, batter safe!
|
Pinch Hitting: RHB Benito Gonzales
|
0-0: Ball 1-0: Ball 2-0: Foul Ball, location: 2F 2-1: Fielders Choice at 2nd, 3-6 (Groundball, 3, EV 84.4 MPH)
|
Batting: RHB Rich Martinez
|
0-0: Ball 1-0: Called Strike Benito Gonzales steals 2nd base 1-1: Reached on error, E5 (Groundball, 56S, EV 68.8 MPH) Benito Gonzales to third
|
Batting: RHB Oscar Vargas
|
0-0: Grounds into double play, 6-4-3 (Groundball, 6, EV 75.6 MPH)
|
Top of the 6th over - 0 runs, 1 hit, 1 error, 1 left on base; Mississippi State University 0 - Louisiana State University 1 |
BOTTOM OF THE 6TH |
Louisiana State University Tigers batting - Pitching for Mississippi State University Bulldogs : RHP Juan Natividad
|
Pitching: RHP Josh Noonan
|
|
Now at SS: Ryan Muldoon
|
|
Now in LF: Benito Gonzales
|
|
Now in RF: Cody Ammann
|
|
Batting: LHB Manny Grado
|
0-0: Foul Ball, location: 2F 0-1: Foul Ball, location: 2F 0-2: Strikes out swinging
|
Batting: RHB David Olivarez
|
0-0: Called Strike 0-1: Foul Ball, location: 2F 0-2: Ball 1-2: Ball 2-2: Strikes out swinging
|
Batting: RHB Byung-hee Jee
|
0-0: Called Strike 0-1: Foul Ball, location: 2F 0-2: Ground out 4-3 (Groundball, 4, EV 100.6 MPH)
|
Bottom of the 6th over - 0 runs, 0 hits, 0 errors, 0 left on base; Mississippi State University 0 - Louisiana State University 1 |
TOP OF THE 7TH |
Mississippi State University Bulldogs batting - Pitching for Louisiana State University Tigers : RHP Luis Gonzales
|
Pitching: RHP Nick McCoy
|
|
Now at 3B: Steve McCoig
|
|
Batting: RHB Jun Qing
|
0-0: Called Strike 0-1: Ball 1-1: Swinging Strike 1-2: Strikes out swinging
|
Pinch Hitting: RHB Freddie Kite
|
0-0: Fly out, F9 (Line Drive, 9S, EV 96.2 MPH)
|
Pinch Hitting: RHB Jay Britz
|
0-0: Called Strike 0-1: Ground out 5-3 (Groundball, 56S, EV 84.4 MPH)
|
Top of the 7th over - 0 runs, 0 hits, 0 errors, 0 left on base; Mississippi State University 0 - Louisiana State University 1 |
BOTTOM OF THE 7TH |
Louisiana State University Tigers batting - Pitching for Mississippi State University Bulldogs : RHP Josh Noonan
|
Pitching: RHP Antonio Ramirez
|
|
Now at 3B: Jon Van Dam
|
|
Now at SS: Freddie Kite
|
|
Batting: RHB Keith Ashton
|
0-0: Ball 1-0: Foul Ball, location: 2F 1-1: Foul Ball, location: 2F 1-2: Ball 2-2: Strikes out swinging
|
Batting: RHB Tyler Lackie
|
0-0: Ball 1-0: Foul Ball, location: 2F 1-1: Foul Ball, location: 2F 1-2: Strikes out looking
|
Batting: SHB Brian Caruso
|
0-0: Swinging Strike 0-1: Called Strike 0-2: SOLO HOME RUN (Flyball, 89XD, EV 112.5 MPH), Distance : 421 ft
|
Batting: RHB Steve McCoig
|
0-0: Ball 1-0: Ball 2-0: Foul Ball, location: 2F 2-1: Called Strike 2-2: Strikes out swinging
|
Bottom of the 7th over - 1 run, 1 hit, 0 errors, 0 left on base; Mississippi State University 0 - Louisiana State University 2 |
TOP OF THE 8TH |
Mississippi State University Bulldogs batting - Pitching for Louisiana State University Tigers : RHP Nick McCoy
|
Pitching: RHP Luo-shan Xú
|
|
Batting: RHB Karl Lukasiewicz
|
0-0: Ball 1-0: SINGLE (Groundball, 56S, EV 61.2 MPH) (infield hit)
|
Pinch Hitting: RHB Bill Petipas
|
0-0: Called Strike 0-1: Fielders Choice at 2nd, 4-6 (Groundball, 4MD, EV 104.4 MPH)
|
Batting: RHB Cody Ammann
|
0-0: Ball 1-0: Called Strike 1-1: Ball 2-1: Swinging Strike 2-2: Strikes out looking
|
Batting: RHB Benito Gonzales
|
0-0: Swinging Strike 0-1: Ball 1-1: Foul Ball, location: 2F 1-2: Ball 2-2: Fly out, F9 (Flyball, 9LS, EV 90.6 MPH)
|
Top of the 8th over - 0 runs, 1 hit, 0 errors, 1 left on base; Mississippi State University 0 - Louisiana State University 2 |
BOTTOM OF THE 8TH |
Louisiana State University Tigers batting - Pitching for Mississippi State University Bulldogs : RHP Antonio Ramirez
|
Pitching: RHP Chris Pearson
|
|
Now at 1B: Bill Petipas
|
|
Pinch Hitting: RHB Roku Miyahara
|
0-0: Swinging Strike 0-1: Ball 1-1: Ball 2-1: Ball 3-1: Called Strike 3-2: Foul Ball, location: 2F 3-2: Strikes out looking
|
Batting: SHB Stone Fraser
|
0-0: Fly out, F8 (Flyball, 78M, EV 81.9 MPH)
|
Batting: LHB Manny Grado
|
0-0: Ball 1-0: Called Strike 1-1: Swinging Strike 1-2: Strikes out swinging
|
Bottom of the 8th over - 0 runs, 0 hits, 0 errors, 0 left on base; Mississippi State University 0 - Louisiana State University 2 |
TOP OF THE 9TH |
Mississippi State University Bulldogs batting - Pitching for Louisiana State University Tigers : RHP Luo-shan Xú
|
Pitching: LHP Bob Arms
|
|
Now in CF: Tyler Lackie
|
|
Now in RF: Matt Grant
|
|
Batting: RHB Rich Martinez
|
0-0: Ball 1-0: Ground out U3 (Groundball, 13, EV 88.8 MPH)
|
Batting: RHB Oscar Vargas
|
0-0: Swinging Strike 0-1: Ground out 1-3 (Groundball, P, EV 63.8 MPH)
|
Batting: RHB Jun Qing
|
0-0: Ball 1-0: Ball 2-0: Ball 3-0: Base on Balls
|
Pinch Hitting: LHB Tim Johnson
|
0-0: Ball 1-0: Called Strike 1-1: Ball 2-1: Foul Ball, location: 2F 2-2: Foul Ball, location: 2F 2-2: Strikes out swinging
|
Top of the 9th over - 0 runs, 0 hits, 0 errors, 1 left on base; Mississippi State University 0 - Louisiana State University 2 |
|